Map: Fields of Shazir

Players

azndragonz - Winner!

  • Race: Protoss Protoss
  • Spawn Location: 3:00

Metasapien - Winner!

  • Race: Zerg Zerg
  • League: Platinum
  • Spawn Location: 3:00

Balinor - Winner!

  • Race: Protoss Protoss
  • Spawn Location: 5:00

Malorise

  • Race: Protoss Protoss
  • Spawn Location: 9:00

doGrao

  • Race: Zerg Zerg
  • Spawn Location: 7:00

Player

  • Race: Terran Terran
  • Spawn Location: 9:00

VOD

Have the link to the VOD?

Description

Time

  • Played on: Sept. 18, 2017, 3:44 a.m.
  • Length: 9:40
Show
View Real Time Build Order
Export as new Build Order

azndragonz Protoss - Winner!

Build Orders:  

Get SALT Encoding   

  12  0:05  Probe (Chrono Boost)  
  13  0:20  Pylon  
  13  0:23  Probe (Chrono Boost)  
  14  0:34  Probe (Chrono Boost)  
  15  0:43  Gateway  
  15  0:44  Probe (Chrono Boost)  
  15  0:49  Assimilator  
  16  0:55  Probe (Chrono Boost)  
  17  1:03  Pylon  
  17  1:05  Probe (Chrono Boost)  
  18  1:16  Probe (Chrono Boost)  
  19  1:27  Probe (Chrono Boost)  
  19  1:32  Cybernetics Core  
  20  1:37  Probe (Chrono Boost), Assimilator  
  21  1:48  Probe (Chrono Boost)  
  21  1:50  Gateway  
  22  1:58  Probe (Chrono Boost)  
  23  2:01  Zealot (Chrono Boost)  
  25  2:09  Pylon  
  25  2:10  Warp Gate (Chrono Boost)  
  25  2:29  Stalker (Chrono Boost)  
  27  2:35  Pylon  
  27  2:50  Stalker (Chrono Boost)  
  29  2:56  Gateway  
  29  3:05  Probe  
  30  3:07  Robotics Facility  
  30  3:17  Probe  
  31  3:21  Nexus  
  31  3:57  Immortal (Chrono Boost)  
  35  4:16  Stalker x2  
  39  4:17  Stalker  
  39  4:20  Pylon  
  41  4:33  Observer (Chrono Boost)  
  42  4:42  Stalker x3  
  44  5:54  Stalker x3  
  48  5:59  Probe (Chrono Boost)  
  48  6:02  Probe (Chrono Boost)  
  50  6:06  Immortal  
  50  6:10  Probe (Chrono Boost)  
  55  6:13  Probe (Chrono Boost)  
  56  6:21  Probe (Chrono Boost)  
  56  6:23  Probe (Chrono Boost)  
  58  6:28  Stalker x2  
  58  6:29  Stalker  
  58  6:32  Probe (Chrono Boost)  
  63  6:34  Probe (Chrono Boost)  
  64  6:40  Forge  
  64  6:42  Probe (Chrono Boost)  
  64  6:43  Pylon  
  64  6:44  Probe (Chrono Boost)  
  62  6:53  Probe (Chrono Boost)  
  57  6:58  Immortal  
  57  7:04  Mothership Core (Chrono Boost)  
  59  7:11  Stalker  
  59  7:12  Stalker x2  
  65  7:16  Photon Cannon  
  65  7:23  Photon Cannon  
  65  7:25  Photon Cannon  
  65  7:29  Probe (Chrono Boost)  
  66  7:36  Protoss Ground Weapons Level 1 (Chrono Boost)  
  66  7:38  Probe (Chrono Boost)  
  67  7:47  Photon Cannon  
  67  8:01  Twilight Council  
  67  8:09  Probe, Assimilator  
  68  8:14  Assimilator  
  68  8:17  Photon Cannon, Immortal  
  72  8:20  Probe  
  71  8:32  Mothership Core  
  71  8:40  Photon Cannon  
  73  8:45  Pylon  
  73  8:57  Stalker x2  
  81  9:12  Stalker  
  81  9:16  Probe  
  84  9:27  Probe  
Show
View Real Time Build Order
Export as new Build Order

Metasapien Zerg - Winner!

Build Orders: Pool First 

Get SALT Encoding   

  12  0:24  Drone  
  12  0:25  Spawning Pool  
  12  0:27  Drone  
  13  0:30  Extractor  
  12  0:41  Drone x2  
  14  0:49  Overlord  
  14  1:07  Drone  
  14  1:10  Drone  
  16  1:19  Zergling x2  
  17  1:37  Drone  
  17  1:38  Hatchery  
  17  1:47  Metabolic Boost  
  17  1:51  Zergling x2  
  18  1:55  Drone  
  19  2:02  Zergling x2  
  20  2:13  Zergling x2  
  21  2:43  Zergling x2  
  22  2:44  Overlord  
  22  2:49  Queen x2  
  22  2:51  Drone  
  27  3:05  Drone  
  28  3:06  Spine Crawler  
  28  3:07  Drone x3  
  28  3:12  Drone  
  31  3:31  Extractor  
  31  3:32  Overlord  
  31  3:33  Roach Warren  
  29  3:37  Drone x2  
  29  3:41  Drone  
  32  3:51  Drone  
  32  3:54  Drone x2  
  32  3:55  Drone  
  36  3:59  Drone x2  
  38  4:04  Drone  
  38  4:05  Drone  
  40  4:10  Overlord  
  40  4:20  Zergling x2  
  40  4:21  Zergling x2, Roach  
  43  4:36  Zergling x8  
  43  4:37  Roach x2  
  47  4:43  Drone x3  
  47  4:45  Drone  
  49  4:59  Ravager  
  50  5:01  Drone x2  
  52  5:10  Lair  
  52  5:25  Overlord x3  
  52  5:26  Hatchery  
  51  5:29  Extractor  
  51  5:30  Extractor  
  51  5:33  Spine Crawler  
  51  5:35  Roach x2  
  52  5:39  Overlord x2  
  56  5:50  Roach x3  
  56  5:52  Drone x2  
  56  5:54  Drone x3  
  63  6:00  Queen  
  65  6:05  Drone  
  65  6:06  Drone x3  
  69  6:13  Pneumatized Carapace  
  69  6:16  Glial Reconstitution  
  69  6:19  Hydralisk Den  
  68  6:37  Drone  
  68  6:39  Queen  
  71  6:40  Drone  
  71  6:46  Infestation Pit  
  71  6:48  Hydralisk x3  
  71  6:49  Roach x2  
  71  6:50  Roach  
  71  6:53  Zergling x4  
  85  6:58  Drone x3  
  85  7:01  Drone  
  89  7:02  Drone  
  90  7:10  Muscular Augments  
  90  7:14  Overlord x2  
  90  7:26  Drone  
  90  7:27  Drone x5  
  96  7:35  Drone  
  97  7:50  Drone, Extractor  
  97  7:51  Drone x4  
  100  7:52  Extractor  
  100  7:55  Overlord x2, Evolution Chamber  
  100  7:56  Overlord, Evolution Chamber  
  98  8:11  Hatchery  
  97  8:17  Overseer  
  97  8:19  Hydralisk x3  
  99  8:20  Roach x2, Hydralisk  
  109  8:36  Drone x2, Hydralisk x3  
  109  8:37  Roach x3  
  120  8:50  Ravager x3  
  123  9:02  Hydralisk x2  
  123  9:03  Hydralisk x5  
  123  9:05  Overlord  
  135  9:18  Overlord x3  
Show
View Real Time Build Order
Export as new Build Order

Balinor Protoss - Winner!

Build Orders:  

Get SALT Encoding   

  12  0:02  Probe (Chrono Boost)  
  13  0:14  Pylon  
  13  0:18  Probe (Chrono Boost)  
  14  0:29  Probe (Chrono Boost)  
  15  0:36  Gateway  
  15  0:41  Probe (Chrono Boost)  
  16  0:51  Assimilator  
  16  0:52  Probe (Chrono Boost)  
  17  1:03  Probe (Chrono Boost)  
  18  1:09  Pylon  
  18  1:27  Zealot  
  18  1:31  Cybernetics Core  
  18  1:32  Probe (Chrono Boost)  
  21  1:34  Assimilator  
  21  1:43  Probe (Chrono Boost)  
  21  1:56  Zealot  
  21  1:58  Probe (Chrono Boost)  
  24  2:08  Probe (Chrono Boost)  
  24  2:09  Warp Gate  
  24  2:15  Gateway  
  25  2:22  Probe (Chrono Boost)  
  26  2:23  Stalker  
  28  2:33  Mothership Core (Chrono Boost)  
  30  2:45  Gateway  
  30  2:48  Pylon  
  30  3:07  Pylon  
  30  3:15  Stalker x2  
  34  3:39  Nexus  
  34  4:00  Probe (Chrono Boost)  
  35  4:11  Probe (Chrono Boost)  
  35  4:12  Twilight Council  
  28  4:40  Stalker  
  28  4:41  Stalker  
  28  4:42  Stalker  
  34  4:49  Forge  
  32  4:53  Probe (Chrono Boost)  
  32  4:54  Pylon  
  33  5:04  Probe (Chrono Boost)  
  32  5:14  Probe (Chrono Boost)  
  32  5:16  Stalker  
  32  5:17  Stalker x2  
  39  5:24  Blink  
  39  5:27  Probe (Chrono Boost)  
  40  6:06  Stalker x3  
  46  6:29  Protoss Ground Weapons Level 1 (Chrono Boost)  
  46  6:37  Gateway  
  46  6:38  Probe (Chrono Boost)  
  46  6:39  Gateway  
  47  6:41  Assimilator  
  47  6:43  Pylon  
  47  6:45  Assimilator  
  47  6:48  Probe (Chrono Boost)  
  48  6:59  Probe (Chrono Boost)  
  49  7:09  Probe (Chrono Boost)  
  50  7:20  Probe (Chrono Boost)  
  43  7:27  Stalker x2  
  43  7:28  Stalker  
  45  7:31  Probe (Chrono Boost)  
  46  7:39  Stalker  
  46  7:40  Forge, Stalker  
  46  7:42  Probe  
  46  7:43  Probe  
  52  7:53  Probe  
  52  7:56  Pylon  
  53  8:04  Probe  
  53  8:07  Pylon  
  53  8:08  Pylon  
  53  8:12  Probe  
  55  8:15  Probe  
  56  8:23  Robotics Facility  
  56  8:24  Probe  
  56  8:25  Probe  
  58  8:29  Pylon  
  54  8:41  Stalker x4  
  52  8:42  Stalker  
  58  9:08  Nexus  
  58  9:09  Gateway  
  58  9:10  Gateway  
Show
View Real Time Build Order
Export as new Build Order

Malorise Protoss 

Build Orders:  

Get SALT Encoding   

  12  0:02  Probe (Chrono Boost)  
  14  0:14  Probe (Chrono Boost)  
  14  0:22  Pylon  
  14  0:28  Probe (Chrono Boost)  
  15  0:43  Forge  
  15  0:45  Probe (Chrono Boost)  
  16  0:57  Gateway  
  16  1:03  Pylon  
  16  1:07  Probe (Chrono Boost)  
  16  1:10  Assimilator  
  17  1:22  Photon Cannon  
  17  1:33  Photon Cannon  
  17  1:36  Probe (Chrono Boost)  
  18  1:46  Probe (Chrono Boost)  
  19  1:53  Cybernetics Core  
  19  1:57  Probe (Chrono Boost)  
  19  2:00  Assimilator  
  20  2:07  Probe (Chrono Boost)  
  21  2:18  Probe (Chrono Boost)  
  22  2:38  Probe (Chrono Boost)  
  22  2:39  Nexus  
  23  2:49  Probe (Chrono Boost), Adept  
  26  2:57  Pylon  
  26  2:59  Probe (Chrono Boost)  
  27  3:10  Probe (Chrono Boost)  
  28  3:21  Probe (Chrono Boost)  
  28  3:24  Adept  
  31  3:48  Probe (Chrono Boost)  
  32  3:51  Probe (Chrono Boost)  
  32  3:53  Assimilator  
  33  3:58  Probe (Chrono Boost), Pylon  
  33  4:01  Probe (Chrono Boost)  
  35  4:05  Stargate  
  35  4:09  Probe (Chrono Boost)  
  36  4:12  Probe (Chrono Boost)  
  37  4:22  Probe (Chrono Boost)  
  38  4:24  Adept  
  40  4:31  Stargate  
  44  5:28  Probe (Chrono Boost)  
  45  5:29  Probe (Chrono Boost)  
  46  5:36  Stargate  
  38  5:50  Probe x2 (Chrono Boost)  
Show
View Real Time Build Order
Export as new Build Order

doGrao Zerg 

Build Orders: Pool First 

Get SALT Encoding   

  12  0:22  Spawning Pool  
  12  0:23  Drone  
  12  0:34  Drone  
  12  0:35  Drone, Extractor  
  13  0:40  Drone  
  14  0:49  Overlord  
  14  1:09  Zergling x4  
  16  1:19  Drone  
  16  1:20  Queen  
  19  1:56  Metabolic Boost  
  19  2:01  Drone x3  
  22  2:04  Extractor  
  21  2:21  Zergling x2  
  22  2:25  Lair  
  22  2:44  Overlord x2  
  22  3:10  Zergling x2  
  23  3:22  Zergling x2  
  22  3:35  Spire  
  21  3:42  Zergling x4  
  21  3:43  Zergling x2  
  21  3:45  Drone x3  
  27  4:01  Drone, Hatchery  
  23  4:42  Drone x2  
  23  4:43  Drone x2  
  27  4:52  Mutalisk  
  29  5:09  Mutalisk x2  
  33  5:15  Spore Crawler, Mutalisk x3  
  33  5:16  Mutalisk  
  38  5:36  Mutalisk  
  40  5:50  Mutalisk  
  40  5:58  Mutalisk  
  38  6:18  Mutalisk  
  38  6:25  Drone x3  
  43  6:30  Queen  
  43  6:36  Mutalisk  
  39  6:55  Mutalisk x2  
  43  7:21  Overlord x2  
  43  7:22  Overlord  
  43  7:28  Drone x2, Extractor  
  43  7:29  Extractor  
  43  7:33  Overlord x2  
  43  7:38  Zerg Flyer Weapons Level 1  
  43  7:42  Mutalisk x2  
  47  7:56  Drone  
  47  7:58  Drone  
  49  8:00  Drone x2  
  49  8:05  Drone x4  
  53  8:27  Mutalisk x2  
  53  8:30  Mutalisk  
  57  8:35  Zergling x2  
  57  8:36  Zergling x4  
  60  8:46  Mutalisk  
  62  8:53  Zergling x2  
  62  8:54  Zergling x10  
  65  9:08  Mutalisk x2  
Show
View Real Time Build Order
Export as new Build Order

Player Terran 

Build Orders: Cyclone Opening 

Get SALT Encoding   

  12  0:04  SCV  
  13  0:19  SCV  
  14  0:35  Supply Depot  
  14  0:39  SCV  
  15  0:45  Refinery x2  
  15  1:04  Barracks  
  15  1:05  SCV  
  16  1:25  SCV  
  17  1:39  SCV  
  18  2:00  Barracks Reactor  
  18  2:01  Orbital Command  
  18  2:02  Factory  
  18  2:11  Supply Depot  
  18  2:41  SCV  
  18  2:54  SCV  
  18  2:57  Cyclone x2  
  25  2:59  Barracks Tech Lab  
  25  3:07  SCV  
  26  3:21  SCV  
  26  3:25  Marauder  
  26  3:26  Concussive Shells  
  29  3:48  Hellion  
  31  3:49  SCV  
  31  3:54  Cyclone  
  34  4:01  SCV  
  35  4:17  Cyclone  
  35  4:19  Command Center  
  35  4:56  Cyclone  
  38  5:00  SCV  
  38  5:06  Cyclone  
  39  5:09  Supply Depot  
  39  5:30  SCV, Cyclone  
  43  5:36  Starport  
  43  5:39  Cyclone  
  43  5:40  SCV  
  48  5:42  SCV  
  48  5:45  Armory  
  48  5:47  Refinery  
  40  6:02  Cyclone  
  43  6:08  SCV  
  43  6:11  Cyclone  
  47  6:12  Factory x2  
  47  6:18  Starport Tech Lab  
  47  6:21  Refinery  
  47  7:20  Factory Reactor x2  
  47  7:21  SCV  
  45  7:26  SCV  
  46  7:32  Engineering Bay, Cyclone x2  
  46  7:33  SCV  
  46  7:34  Terran Vehicle Weapons Level 1  
  53  7:38  Command Center  
  53  7:40  Cloaking Field  
  53  7:42  Banshee  
  56  7:44  Armory, SCV  
  57  8:06  SCV  
  57  8:07  SCV  
  57  8:10  Refinery, Command Center  
  57  8:11  Cyclone  
  62  8:15  Refinery  
  62  8:19  Supply Depot  
  62  8:20  Supply Depot  
  62  8:33  SCV  
  60  8:36  Cyclone  
  60  8:40  Cyclone  
  63  8:46  Cyclone x2  
  59  8:49  SCV  
  59  8:54  Planetary Fortress  
  50  9:00  Cyclone  
  51  9:02  SCV  
  44  9:23  SCV  
Tags
 
Add a new tag
Caveats
  • Supply blocks, unpowered buildings, or Contaminate may cause inaccurate times.
  • Supply counts are checked every 10 seconds.